| TOP OF THE 1ST |
|
Idaho Falls Chukars batting - Pitching for Tacoma Rainiers : RHP Brian Rose
|
|
Pitching: RHP Brian Rose
|
|
|
Batting: RHB Dax Jones
|
0-0: Bunt missed! 0-1: Ball 1-1: Ball 2-1: Called Strike 2-2: Ball 3-2: Base on Balls
|
|
Batting: LHB Dwight Smith
|
0-0: Foul Ball, location: 2F 0-1: Ball 1-1: Ball 2-1: Called Strike 2-2: Ball 3-2: TRIPLE (Line Drive, 89XD, EV 105.6 MPH) Dax Jones scores
|
|
Batting: LHB Rico Brogna
|
0-0: Called Strike 0-1: Swinging Strike 0-2: DOUBLE (Line Drive, 9LS, EV 106.9 MPH) Dwight Smith scores
|
|
Batting: RHB Mark Lewis
|
0-0: Called Strike 0-1: Ball 1-1: Swinging Strike 1-2: Ball 2-2: Foul Ball, location: 2F 2-2: Ball 3-2: Strikes out swinging
|
|
Batting: SHB Marcus Jensen
|
0-0: Ball 1-0: Foul Ball, location: 2F 1-1: Called Strike 1-2: Strikes out swinging, 2-3 out at first.
|
|
Batting: RHB Les Norman
|
0-0: Ball 1-0: Ball 2-0: Ball 3-0: Called Strike 3-1: SINGLE (Groundball, 34D, EV 111.3 MPH) Rico Brogna to third Runner from 3rd tries for Home, SAFE, no throw by RF
|
|
Batting: RHB Dave Hajek
|
0-0: Ball 1-0: Called Strike 1-1: Foul Ball, location: 2F 1-2: Strikes out swinging
|
| Top of the 1st over - 3 runs, 3 hits, 0 errors, 1 left on base; Idaho Falls 3 - Tacoma 0 |
| BOTTOM OF THE 1ST |
|
Tacoma Rainiers batting - Pitching for Idaho Falls Chukars : RHP Rich Hunter
|
|
Pitching: RHP Rich Hunter
|
|
|
Batting: LHB Daryl Boston
|
0-0: Ball 1-0: Foul Ball, location: 2F 1-1: Ball 2-1: Ball 3-1: Base on Balls
|
|
Batting: SHB Greg Norton
|
0-0: Fly out, F7 (Flyball, 78S, EV 88.8 MPH)
|
|
Batting: LHB Chito Martinez
|
0-0: Called Strike 0-1: Ball 1-1: Foul Ball, location: 2F 1-2: Ball 2-2: Foul Ball, location: 2F 2-2: Foul Ball, location: 2F 2-2: Ball 3-2: Base on Balls Daryl Boston to second
|
|
Batting: RHB Russ Davis
|
0-0: Ball 1-0: Ball 2-0: Fly out, F7 (Flyball, 7D, EV 93.8 MPH)
|
|
Batting: SHB Micah Franklin
|
0-0: Ball Wild Pitch! Daryl Boston to third Chito Martinez to second 1-0: Swinging Strike 1-1: Ball 2-1: Foul Ball, location: 2F 2-2: Foul Ball, location: 2F 2-2: 3-RUN HOME RUN (Flyball, 9LD, EV 112.5 MPH), Distance : 359 ft
|
|
Batting: RHB Jose Guillen
|
0-0: Ball 1-0: Ball 2-0: Called Strike 2-1: Ball 3-1: SINGLE (Groundball, 4MD, EV 103.1 MPH)
|
|
Batting: SHB Jason Bates
|
0-0: Ball 1-0: Called Strike 1-1: Foul Ball, location: 2F 1-2: Ball 2-2: Ball 3-2: Foul Ball, location: 2F 3-2: Base on Balls Jose Guillen to second
|
|
Batting: RHB Ron Coomer
|
0-0: Ball 1-0: Fly out, F6 (Popup, 6, EV 60.0 MPH)
|
| Bottom of the 1st over - 3 runs, 2 hits, 0 errors, 2 left on base; Idaho Falls 3 - Tacoma 3 |
| TOP OF THE 2ND |
|
Idaho Falls Chukars batting - Pitching for Tacoma Rainiers : RHP Brian Rose
|
|
Batting: LHB Dave Martinez
|
0-0: Called Strike 0-1: Ball 1-1: Fly out, F9 (Line Drive, 9, EV 100.0 MPH)
|
|
Batting: RHB Takahiro Suzuki
|
0-0: Ball 1-0: Called Strike 1-1: Ball 2-1: Ball 3-1: Fly out, F9 (Flyball, 89S, EV 86.3 MPH)
|
|
Batting: RHB Dax Jones
|
0-0: Foul Ball, location: 2F 0-1: Called Strike 0-2: Fly out, F7 (Flyball, 7LM, EV 89.4 MPH)
|
| Top of the 2nd over - 0 runs, 0 hits, 0 errors, 0 left on base; Idaho Falls 3 - Tacoma 3 |
| BOTTOM OF THE 2ND |
|
Tacoma Rainiers batting - Pitching for Idaho Falls Chukars : RHP Rich Hunter
|
|
Batting: LHB Greg O'Halloran
|
0-0: Ball 1-0: Called Strike 1-1: Swinging Strike 1-2: Foul Ball, location: 2F 1-2: Fly out, F8 (Flyball, 8RM, EV 81.9 MPH)
|
|
Batting: LHB Daryl Boston
|
0-0: Called Strike 0-1: Called Strike 0-2: Ball 1-2: Ball 2-2: Reached on error, E1 (Groundball, 34S, EV 70.6 MPH)
|
|
Batting: SHB Greg Norton
|
0-0: Ball 1-0: Called Strike 1-1: Ball Daryl Boston steals 3rd base 2-1: Ground out 4-3 (Groundball, 4M, EV 90.6 MPH) Daryl Boston scores
|
|
Batting: LHB Chito Martinez
|
0-0: Called Strike 0-1: Ball 1-1: Called Strike 1-2: Ball 2-2: Ball 3-2: Ground out U3 (Groundball, 34, EV 98.8 MPH)
|
| Bottom of the 2nd over - 1 run, 0 hits, 1 error, 0 left on base; Idaho Falls 3 - Tacoma 4 |
| TOP OF THE 3RD |
|
Idaho Falls Chukars batting - Pitching for Tacoma Rainiers : RHP Brian Rose
|
|
Batting: LHB Dwight Smith
|
0-0: Foul Ball, location: 2F 0-1: Called Strike 0-2: SINGLE (Line Drive, 78S, EV 110.6 MPH)
|
|
Batting: LHB Rico Brogna
|
0-0: Ball 1-0: Called Strike 1-1: Fielders Choice at 2nd, 4-6 (Groundball, 4D, EV 107.5 MPH)
|
|
Batting: RHB Mark Lewis
|
0-0: Ball 1-0: SINGLE (Groundball, 4MD, EV 105.0 MPH) Rico Brogna to second Runner from 2nd tries for 3rd, SAFE, throw by CF made to third
|
|
Batting: SHB Marcus Jensen
|
0-0: Swinging Strike 0-1: Swinging Strike 0-2: Foul Ball, location: 2F 0-2: Ball 1-2: Strikes out looking
|
|
Batting: RHB Les Norman
|
0-0: Foul Ball, location: 2F 0-1: Ball 1-1: Called Strike 1-2: Foul Ball, location: 2F 1-2: Strikes out swinging
|
| Top of the 3rd over - 0 runs, 2 hits, 0 errors, 2 left on base; Idaho Falls 3 - Tacoma 4 |
| BOTTOM OF THE 3RD |
|
Tacoma Rainiers batting - Pitching for Idaho Falls Chukars : RHP Rich Hunter
|
|
Batting: RHB Russ Davis
|
0-0: SINGLE (Line Drive, 78S, EV 93.1 MPH)
|
|
Batting: SHB Micah Franklin
|
0-0: Ball 1-0: Called Strike 1-1: Ball 2-1: Swinging Strike 2-2: Foul Ball, location: 2F 2-2: Fly out, F6 (Popup, 6D, EV 73.1 MPH)
|
|
Batting: RHB Jose Guillen
|
0-0: Ball 1-0: Called Strike 1-1: Ball 2-1: Ball 3-1: Base on Balls Russ Davis to second
|
|
Batting: SHB Jason Bates
|
0-0: Ball 1-0: Called Strike 1-1: Foul Ball, location: 2F 1-2: SINGLE (Groundball, 4MD, EV 106.3 MPH) Russ Davis to third Jose Guillen to second
|
|
Batting: RHB Ron Coomer
|
0-0: Ball 1-0: Swinging Strike 1-1: Ball 2-1: Swinging Strike 2-2: Ball 3-2: Fly out, F7 (Flyball, 7LS, EV 87.5 MPH)
|
|
Batting: LHB Greg O'Halloran
|
0-0: Called Strike 0-1: Ball 1-1: SINGLE (Groundball, 6D, EV 110.0 MPH) Russ Davis scores Jose Guillen to third Jason Bates to second Runner from 3rd tries for Home, SAFE, no throw by LF
|
|
Pitching: RHP Steve Montgomery
|
|
|
Batting: LHB Daryl Boston
|
0-0: Ball 1-0: Ball 2-0: Fly out, F9 (Flyball, 9LS, EV 90.0 MPH)
|
| Bottom of the 3rd over - 2 runs, 3 hits, 0 errors, 2 left on base; Idaho Falls 3 - Tacoma 6 |
| TOP OF THE 4TH |
|
Idaho Falls Chukars batting - Pitching for Tacoma Rainiers : RHP Brian Rose
|
|
Batting: RHB Dave Hajek
|
0-0: SINGLE (Groundball, 6MD, EV 98.1 MPH)
|
|
Batting: LHB Dave Martinez
|
0-0: Swinging Strike 0-1: Fly out, F7 (Flyball, 7S, EV 90.6 MPH)
|
|
Batting: RHB Takahiro Suzuki
|
0-0: Ball 1-0: Called Strike 1-1: Ball 2-1: SINGLE (Groundball, 56S, EV 69.4 MPH) (infield hit) Dave Hajek to second
|
|
Pinch Runner at 1st Greg Pirkl:
|
|
|
Batting: RHB Dax Jones
|
0-0: Ball 1-0: Foul Ball, location: 2F 1-1: Fly out, F8 (Line Drive, 8RM, EV 91.9 MPH)
|
|
Batting: LHB Dwight Smith
|
0-0: Ground out U3 (Groundball, 34, EV 82.5 MPH)
|
| Top of the 4th over - 0 runs, 2 hits, 0 errors, 2 left on base; Idaho Falls 3 - Tacoma 6 |
| BOTTOM OF THE 4TH |
|
Tacoma Rainiers batting - Pitching for Idaho Falls Chukars : RHP Steve Montgomery
|
|
Now at SS: Greg Pirkl
|
|
|
Batting: SHB Greg Norton
|
0-0: Ball 1-0: Ball 2-0: Ball 3-0: Called Strike 3-1: Base on Balls
|
|
Batting: LHB Chito Martinez
|
0-0: Called Strike 0-1: Foul Ball, location: 2F 0-2: Ball 1-2: Ball 2-2: Foul Ball, location: 2F 2-2: Ball 3-2: Base on Balls Greg Norton to second
|
|
Batting: RHB Russ Davis
|
0-0: Fly out, F9 (Flyball, 89M, EV 88.1 MPH)
|
|
Batting: SHB Micah Franklin
|
0-0: Ball 1-0: 3-RUN HOME RUN (Flyball, 9D, EV 97.5 MPH), Distance : 372 ft
|
|
Batting: RHB Jose Guillen
|
0-0: Ball 1-0: Foul Ball, location: 2F 1-1: Ball 2-1: Foul Ball, location: 2F 2-2: Ball 3-2: Foul Ball, location: 2F 3-2: SINGLE (Groundball, 56D, EV 94.4 MPH)
|
|
Batting: SHB Jason Bates
|
0-0: Ball 1-0: Foul Ball, location: 2F 1-1: Ball 2-1: Foul Ball, location: 2F Balk! Jose Guillen to second 2-2: Strikes out swinging
|
|
Batting: RHB Ron Coomer
|
0-0: SINGLE (Groundball, 6D, EV 94.4 MPH) Jose Guillen to third Runner from 3rd tries for Home, SAFE, throw by CF to home Ron Coomer to second
|
|
Batting: LHB Greg O'Halloran
|
0-0: Ball Wild Pitch! Ron Coomer to third 1-0: Ball 2-0: Fly out, F9 (Line Drive, 9D, EV 106.3 MPH)
|
| Bottom of the 4th over - 4 runs, 3 hits, 0 errors, 1 left on base; Idaho Falls 3 - Tacoma 10 |
| TOP OF THE 5TH |
|
Idaho Falls Chukars batting - Pitching for Tacoma Rainiers : RHP Brian Rose
|
|
Batting: LHB Rico Brogna
|
0-0: Ball 1-0: Called Strike 1-1: Ball 2-1: SINGLE (Groundball, 34D, EV 94.4 MPH)
|
|
Batting: RHB Mark Lewis
|
0-0: Called Strike 0-1: Ball 1-1: Fielders Choice at 2nd, 4-6 (Groundball, 4, EV 77.5 MPH)
|
|
Pitching: RHP Carlos Reyes
|
|
|
Batting: SHB Marcus Jensen
|
0-0: Ball 1-0: Called Strike 1-1: Foul Ball, location: 2F 1-2: Ball 2-2: Ball 3-2: Foul Ball, location: 2F 3-2: Fly out, F6 (Line Drive, 6, EV 67.5 MPH)
|
|
Batting: RHB Les Norman
|
0-0: Ball 1-0: Ball 2-0: Called Strike 2-1: SINGLE (Line Drive, 34D, EV 100.6 MPH) Mark Lewis to second
|
|
Batting: RHB Dave Hajek
|
0-0: Foul Ball, location: 2F 0-1: Fly out, F9 (Flyball, 9S, EV 85.6 MPH)
|
| Top of the 5th over - 0 runs, 2 hits, 0 errors, 2 left on base; Idaho Falls 3 - Tacoma 10 |
| BOTTOM OF THE 5TH |
|
Tacoma Rainiers batting - Pitching for Idaho Falls Chukars : RHP Steve Montgomery
|
|
Batting: LHB Daryl Boston
|
0-0: DOUBLE (Line Drive, 89D, EV 100.0 MPH)
|
|
Batting: SHB Greg Norton
|
0-0: Ball 1-0: Ball 2-0: Ball 3-0: Called Strike 3-1: Base on Balls
|
|
Pitching: RHP Jeff Schwarz
|
|
|
Batting: LHB Chito Martinez
|
0-0: Ball Wild Pitch! Daryl Boston to third Greg Norton to second 1-0: Called Strike 1-1: Swinging Strike 1-2: Ball 2-2: Ball 3-2: Ground out U3 (Groundball, 3, EV 105.0 MPH)
|
|
Batting: RHB Russ Davis
|
0-0: Ball 1-0: Ball 2-0: Ball 3-0: Called Strike 3-1: Foul Ball, location: 2F 3-2: Strikes out swinging
|
|
Batting: SHB Micah Franklin
|
0-0: Called Strike 0-1: Ball 1-1: Called Strike 1-2: Ball Wild Pitch! Daryl Boston scores Greg Norton to third 2-2: Foul Ball, location: 2F 2-2: Ball 3-2: Base on Balls
|
|
Batting: RHB Jose Guillen
|
0-0: Ball 1-0: Ball 2-0: Foul Ball, location: 2F 2-1: Ball 3-1: Base on Balls Micah Franklin to second
|
|
Pitching: RHP Bill Sampen
|
|
|
Batting: SHB Jason Bates
|
0-0: Ball 1-0: Foul Ball, location: 2F 1-1: SINGLE (Groundball, 4D, EV 94.4 MPH) Greg Norton scores Micah Franklin to third Jose Guillen to second Runner from 3rd tries for Home, SAFE, no throw by RF
|
|
Batting: RHB Ron Coomer
|
0-0: Ball 1-0: Fly out, F9 (Line Drive, 9, EV 98.8 MPH)
|
| Bottom of the 5th over - 3 runs, 2 hits, 0 errors, 2 left on base; Idaho Falls 3 - Tacoma 13 |
| TOP OF THE 6TH |
|
Idaho Falls Chukars batting - Pitching for Tacoma Rainiers : RHP Carlos Reyes
|
|
Batting: LHB Dave Martinez
|
0-0: Ball 1-0: Ball 2-0: Called Strike 2-1: Fly out, F9 (Line Drive, 9, EV 98.8 MPH)
|
|
Batting: RHB Greg Pirkl
|
0-0: Ball 1-0: Foul Ball, location: 2F 1-1: Ball 2-1: Foul Ball, location: 2F 2-2: Ball 3-2: Base on Balls
|
|
Batting: RHB Dax Jones
|
0-0: SINGLE (Line Drive, 8RS, EV 106.3 MPH) Greg Pirkl to second
|
|
Batting: LHB Dwight Smith
|
0-0: Foul Ball, location: 2F 0-1: Ball 1-1: Swinging Strike 1-2: Ball 2-2: Ball 3-2: Fly out, F9 (Flyball, 9LDF, EV 84.4 MPH) Runner from 2nd tags up, SAFE at 3rd, no throw by RF
|
|
Batting: LHB Rico Brogna
|
0-0: Foul Ball, location: 2F 0-1: Ball 1-1: Ground out U3 (Groundball, 3, EV 83.8 MPH)
|
| Top of the 6th over - 0 runs, 1 hit, 0 errors, 2 left on base; Idaho Falls 3 - Tacoma 13 |
| BOTTOM OF THE 6TH |
|
Tacoma Rainiers batting - Pitching for Idaho Falls Chukars : RHP Bill Sampen
|
|
Batting: LHB Greg O'Halloran
|
0-0: Ball 1-0: DOUBLE (Groundball, 5L, EV 95.6 MPH)
|
|
Batting: LHB Daryl Boston
|
0-0: Foul Ball, location: 2F 0-1: Ball 1-1: Called Strike 1-2: Foul Ball, location: 2F 1-2: Ball Passed Ball! Greg O'Halloran to third 2-2: Fly out, F8 (Flyball, 8RS, EV 85.6 MPH)
|
|
Batting: SHB Greg Norton
|
0-0: Ball 1-0: Ball 2-0: Called Strike 2-1: Fly out, F7 (Flyball, 7LMF, EV 92.5 MPH) Runner from 3rd tags up, SCORES, throw by LF
|
|
Batting: LHB Chito Martinez
|
0-0: Fly out, F8 (Flyball, 8LM, EV 91.9 MPH)
|
| Bottom of the 6th over - 1 run, 1 hit, 0 errors, 0 left on base; Idaho Falls 3 - Tacoma 14 |
| TOP OF THE 7TH |
|
Idaho Falls Chukars batting - Pitching for Tacoma Rainiers : RHP Carlos Reyes
|
|
Pitching: LHP Billy Brewer
|
|
|
Batting: RHB Mark Lewis
|
0-0: Ball 1-0: Swinging Strike 1-1: Swinging Strike 1-2: Ball 2-2: Ball 3-2: Strikes out swinging
|
|
Batting: SHB Marcus Jensen
|
0-0: Ball 1-0: Fly out, F3 (Popup, 3F, EV 68.8 MPH)
|
|
Batting: RHB Les Norman
|
0-0: Called Strike 0-1: Called Strike 0-2: Foul Ball, location: 2F 0-2: Ball 1-2: Ball 2-2: Ball 3-2: Fly out, F8 (Flyball, 8LD, EV 85.0 MPH)
|
| Top of the 7th over - 0 runs, 0 hits, 0 errors, 0 left on base; Idaho Falls 3 - Tacoma 14 |
| BOTTOM OF THE 7TH |
|
Tacoma Rainiers batting - Pitching for Idaho Falls Chukars : RHP Bill Sampen
|
|
Batting: RHB Russ Davis
|
0-0: Ball 1-0: Ball 2-0: Ball 3-0: Called Strike 3-1: Base on Balls
|
|
Batting: SHB Micah Franklin
|
0-0: Swinging Strike 0-1: Ball 1-1: Fly out, F7 (Flyball, 7, EV 91.9 MPH)
|
|
Batting: RHB Jose Guillen
|
0-0: Called Strike 0-1: Grounds into double play, 4-6-3 (Groundball, 34, EV 90.0 MPH)
|
| Bottom of the 7th over - 0 runs, 0 hits, 0 errors, 0 left on base; Idaho Falls 3 - Tacoma 14 |
| TOP OF THE 8TH |
|
Idaho Falls Chukars batting - Pitching for Tacoma Rainiers : LHP Billy Brewer
|
|
Pitching: LHP Kevin Wickander
|
|
|
Batting: RHB Dave Hajek
|
0-0: Called Strike 0-1: Swinging Strike 0-2: Strikes out swinging
|
|
Batting: LHB Dave Martinez
|
0-0: Ground out 5-3 (Groundball, 56, EV 83.1 MPH)
|
|
Batting: RHB Greg Pirkl
|
0-0: Called Strike 0-1: Swinging Strike 0-2: Strikes out swinging
|
| Top of the 8th over - 0 runs, 0 hits, 0 errors, 0 left on base; Idaho Falls 3 - Tacoma 14 |
| BOTTOM OF THE 8TH |
|
Tacoma Rainiers batting - Pitching for Idaho Falls Chukars : RHP Bill Sampen
|
|
Batting: SHB Jason Bates
|
0-0: Called Strike 0-1: Ball 1-1: Ball 2-1: Foul Ball, location: 2F 2-2: Ground out 4-3 (Groundball, 34, EV 103.1 MPH)
|
|
Batting: RHB Ron Coomer
|
0-0: Called Strike 0-1: DOUBLE (Flyball, 78XD, EV 88.1 MPH)
|
|
Pitching: RHP Damian Miller
|
|
|
Batting: LHB Greg O'Halloran
|
0-0: Ball 1-0: Ball 2-0: Foul Ball, location: 2F 2-1: Fly out, F8 (Flyball, 78S, EV 76.3 MPH)
|
|
Batting: LHB Daryl Boston
|
0-0: Ball 1-0: Foul Ball, location: 2F 1-1: Foul Ball, location: 2F 1-2: Fly out, F3 (Line Drive, 3, EV 65.6 MPH)
|
| Bottom of the 8th over - 0 runs, 1 hit, 0 errors, 1 left on base; Idaho Falls 3 - Tacoma 14 |
| TOP OF THE 9TH |
|
Idaho Falls Chukars batting - Pitching for Tacoma Rainiers : LHP Kevin Wickander
|
|
Batting: RHB Dax Jones
|
0-0: Ball 1-0: Foul Ball, location: 2F 1-1: Fly out, F8 (Flyball, 8RM, EV 88.8 MPH)
|
|
Batting: LHB Dwight Smith
|
0-0: Called Strike 0-1: Ball 1-1: Swinging Strike 1-2: Strikes out swinging
|
|
Batting: LHB Rico Brogna
|
0-0: Called Strike 0-1: Ball 1-1: Foul Ball, location: 2F 1-2: Fly out, F5 (Line Drive, 5, EV 72.5 MPH)
|
| Top of the 9th over - 0 runs, 0 hits, 0 errors, 0 left on base; Idaho Falls 3 - Tacoma 14 |
|